 Dungeon Crawl Stone Soup version 0.29.0-11-gd7f09526c8 (webtiles) character file.

Game seed: 9305369910033071306

16 xian the Cudgeller (level 2, -4/16 HPs)
             Began as a Gargoyle Wanderer on Sept 6, 2022.
             Frozen to death by an endoplasm (5 damage)
             ... on level 1 of the Dungeon.
             The game lasted 00:00:54 (364 turns).

xian the Cudgeller (Gargoyle Wanderer)               Turns: 364, Time: 00:00:55

Health: -4/16      AC:  5    Str: 18    XL:     2   Next: 58%
Magic:  5/5        EV:  8    Int: 13    God:
Gold:   47         SH:  0    Dex:  5    Spells: 4/5 levels left

rFire   . . .      SeeInvis .   a - +3 mace
rCold   . . .      Faith    .   (no shield)
rNeg    + . .      Spirit   .   c - +0 leather armour
rPois   ∞          Reflect  .   (no helmet)
rElec   +          Harm     .   (no cloak)
rCorr   .          Rampage  .   (no gloves)
Will    .....                   (no boots)
Stlth   +.........              (no amulet)
HPRegen 0.05/turn               (no ring)
MPRegen 0.09/turn               (no ring)

@: constricted, very slow
A: sickness immunity, AC +2, negative energy resistance 1, electricity
resistance, torment resistance 1, petrification resistance
a: no special abilities


You were on level 1 of the Dungeon.
You visited 1 branch of the dungeon, and saw 1 of its levels.

You collected 47 gold pieces.

Inventory:

Hand Weapons
 a - a +3 mace (weapon)
Armour
 c - a +0 leather armour (worn)
Scrolls
 e - a scroll of blinking {unknown}
 f - a scroll of identify {unknown}
Potions
 b - a potion of lignification
 d - a potion of curing {unknown}
 g - a potion of haste {unknown}


   Skills:
 + Level 1.2 Fighting
 + Level 4.5 Maces & Flails
 + Level 0.4 Armour
 + Level 1.0 Dodging
 + Level 2.0 Spellcasting
 + Level 1.1 Conjurations
 + Level 1.0 Invocations


You had 4 spell levels left.
You knew the following spells:

 Your Spells              Type           Power      Damage    Failure   Level
a - Foxfire               Conj/Fire      8%         2x1d4     24%         1

Your spell library contained the following spells:

 Spells                   Type           Power      Damage    Failure   Level
 Conjure Flame            Conj/Fire      2%         6-21      58%         3


Dungeon Overview and Level Annotations

Branches:
Dungeon (1/15)

Altars:


Innate Abilities, Weirdness & Mutations

You are immune to sickness and miasma.
Your stone body is resilient. (AC +2)
You are immune to poison.
You resist negative energy. (rN+)
You are resistant to electric shocks. (rElec)
You are resistant to unholy torment.
You are immune to petrification.


Message History

g - an amethyst potion You open the door.
There is an open door here.
A bat comes into view.
Found a robe.
Found a faded altar of an unknown god.
The bat barely misses you. The bat hits you but does no damage.
An endoplasm and a ball python come into view.
The ball python hisses angrily.
The bat hits you but does no damage. x2
You closely miss the bat. The bat hits you but does no damage.
The bat closely misses you. The bat hits you but does no damage.
The bat barely misses you. The ball python bites you.
The ball python misses you.
The ball python attacks as you move away!
The ball python barely misses you.
You enter the shallow water.
Moving in this stuff is going to be slow.
The bat hits you. The endoplasm misses you.
The ball python bites you but does no damage.
The ball python grabs you. The ball python constricts you.
Your unstable footing causes you to fumble your attack.
The bat hits you but does no damage.
The ball python bites you but does no damage.
The ball python constricts you. The endoplasm barely misses you.
You closely miss the ball python. The bat hits you but does no damage.
The ball python bites you. The ball python constricts you.
The endoplasm freezes you.
You are frozen.
The bat hits you. The ball python closely misses you.
The ball python constricts you.
You barely miss the ball python. The bat hits you but does no damage.
The endoplasm freezes you.
You are frozen.
* * * LOW HITPOINT WARNING * * *
The ball python bites you but does no damage.
The ball python constricts you.
* * * LOW HITPOINT WARNING * * *
The endoplasm freezes you.
You are frozen.
You die...

###########
#.......[.#
#....~....#
#.~..SJ.~.#
###.~..@..~.#
#.'####_####+
#.#.~..b..
#.#.~..~..~
#.#....~...
#.#.........
#.###########
#.##.#.#
#......#


You could see an endoplasm, a bat and a ball python.

Vanquished Creatures
  2 endoplasms (D:1)
  4 giant cockroaches (D:1)
  A goblin (D:1)
  A hobgoblin (D:1)
  A quokka (D:1)
  2 ball pythons (D:1)
  2 bats (D:1)
13 creatures vanquished.

Notes
Turn   | Place    | Note
-------+----------+-------------------------------------------
     0 | D:1      | xian the Gargoyle Wanderer began the quest for the Orb.
     0 | D:1      | xian set off with the following items: a +3 mace, a potion
                  | of lignification, a +0 leather armour; and the following
                  | spell memorised: Foxfire; and the following spells
                  | available to memorise: Conjure Flame.
     0 | D:1      | Reached XP level 1. HP: 12/12 MP: 3/3
   138 | D:1      | Reached XP level 2. HP: 16/16 MP: 5/5
   353 | D:1      | Found a faded altar of an unknown god.
   364 | D:1      | Frozen to death by an endoplasm

Illustrated notes

Levels and vault maps discovered:
D:1:      minmay_arrival_semitransparent, layout_loops_ring,
          shapermc_ecumenical_altar_notcrosses, minmay_circled_x

Action                   || total
-------------------------++-------
Melee: Mace              ||    35
Armor: Leather armour    ||    25
Dodge: Dodged            ||    32
